 Dungeon Crawl Stone Soup version 0.31-a0-339-gda1cbd555d (webtiles) character file.

Game seed: 3406429210462635312

64390 LeprechaunX the Brawler (level 15, -11/92 HPs)
             Began as an Octopode Shapeshifter on July 20, 2023.
             Was a High Priest of Hepliaklqana.
             Hit by a large rock thrown by Polyphemus (23 damage)
             ... while petrified by a catoblepas
             ... on level 2 of the Shoals.
             The game lasted 00:40:38 (19227 turns).

LeprechaunX the Brawler (Octopode Shapeshifter)    Turns: 19227, Time: 00:40:39

Health: -11/92     AC: 13    Str: 26    XL:     15   Next: 12%
Magic:  20/20      EV:  2    Int: 15    God:    Hepliaklqana [*****.]
Gold:   1100       SH:  0    Dex: 20    Spells: 14/14 levels left

rFire   + .          .
                       - Unarmed
rCold   + . .        t - +0 buckler "Gotu" {rElec}
rNeg    + + +        R - melded +1 hat {Stlth+}
rPois   ∞            z - amulet of faith
rElec   +            h - +5 ring of evasion
rCorr   +            n - +4 ring of protection
SInv    .            U - +4 ring of protection
Will    +....        B - ring of positive energy
Stlth   +++          E - +4 ring of protection
HPRegen 0.35/turn    F - ring of resist corrosion
MPRegen 0.17/turn    N - +6 ring of dexterity
                     X - ring "Leuzulin" {rF+ rC+ Str+6 Int+4}

%: faith
@: beast-form, petrified, studying Unarmed Combat
A: beast (slay +7), reduced essence, almost no armour, amphibious, 8 rings,
camouflage 1, gelatinous body 1, (nimble swimmer 1), tentacles
a: Begin Untransformation, Renounce Religion, Recall Ancestor, Ancestor
Identity, Transference, Idealise


You were on level 2 of the Shoals.
You worshipped Hepliaklqana.
Hepliaklqana was extremely pleased with you.
You were a hulking beast.
You visited 4 branches of the dungeon, and saw 19 of its levels.

You collected 1100 gold pieces.

Inventory:

Hand Weapons
 a - a +2 orcbow of freezing
Missiles
 J - a throwing net
Armour
 t - the +0 buckler "Gotu" (worn) {rElec}
   (You found it on level 3 of the Lair of Beasts)

   rElec:     It insulates you from electricity.
 R - a +1 hat of stealth (melded)
Jewellery
 h - a +5 ring of evasion (left tentacle)
 n - a +4 ring of protection (right tentacle)
 s - a ring of protection from fire
 u - a ring of flight
 v - a ring of ice
 z - an amulet of faith (around mantle)
 B - a ring of positive energy (on tentacle)
 E - a +4 ring of protection (on tentacle)
 F - a ring of resist corrosion (on tentacle)
 H - a +6 ring of intelligence
 N - a +6 ring of dexterity (on tentacle)
 T - a ring of protection from fire
 U - a +4 ring of protection (on tentacle)
 X - the ring "Leuzulin" (on tentacle) {rF+ rC+ Str+6 Int+4}
   (You acquired it on level 2 of the Lair of Beasts)

   [ring of strength]

   Str:       It affects your strength (+6).
   Int:       It affects your intelligence (+4).
   rF:        It protects you from fire.
   rC:        It protects you from cold.
Talismans
 b - a beast talisman
Wands
 r - a wand of flame (22)
 x - a wand of digging (7)
 y - a wand of roots (11)
 G - a wand of quicksilver (23)
 I - a wand of mindburst (7)
 Q - a wand of polymorph (5)
Scrolls
 d - 3 scrolls of blinking
 e - 3 scrolls of fear
 f - 2 scrolls of revelation {unknown}
 g - 3 scrolls of fog
 i - a scroll of vulnerability {unknown}
 l - 2 scrolls of brand weapon
 m - 5 scrolls of teleportation {unknown}
 w - 4 scrolls of enchant weapon {unknown}
 A - 2 scrolls of amnesia {unknown}
 K - 3 scrolls of poison {unknown}
 M - a scroll of silence {unknown}
 O - 2 scrolls of torment {unknown}
 P - 2 scrolls of noise {unknown}
 S - 2 scrolls of immolation {unknown}
Potions
 c - 6 potions of ambrosia
 j - 5 potions of curing
 k - 4 potions of might
 o - 2 potions of attraction
 p - 2 potions of mutation
 q - a potion of cancellation {unknown}
 C - 2 potions of resistance
 D - 6 potions of heal wounds
 L - 2 potions of haste {unknown}
 V - 5 potions of lignification
 W - 2 potions of brilliance
 Y - 2 potions of berserk rage {unknown}
 Z - 3 potions of enlightenment


   Skills:
 + Level 10.2 Fighting
 + Level 10.2 Dodging
 + Level 4.5 Shields
 * Level 16.5 Unarmed Combat
 + Level 7.2 Invocations
 + Level 7.2 Evocations
 * Level 12.4 Shapeshifting


You had 14 spell levels left.
You didn't know any spells.
Your spell library contained the following spells:

 Spells                   Type           Power      Damage    Failure   Level
 Freeze                   Ice            0%         1d3       30%         1
 Shock                    Conj/Air       0%         1d3       30%         1
 Cigotuvi's Dreadful Rot  Necr/Pois/Air  0%         N/A       43%         2
 Frozen Ramparts          Ice            0%         1d1       67%         3
 Hailstorm                Conj/Ice       0%         3d3       67%         3
 Ignite Poison            Fire/Tmut/Pois 0%         N/A       67%         3
 Inner Flame              Hex/Fire       0%         N/A       67%         3
 Swiftness                Air            0%         N/A       67%         3
 Airstrike                Air            0%         2d(0-16)  97%         4
 Animate Dead             Necr           0%         N/A       97%         4
 Cause Fear               Hex            0%         N/A       97%         4
 Flame Wave               Conj/Fire      0%         2d4       97%         4
 Manifold Assault         Tloc           0%         N/A       97%         4
 Petrify                  Tmut/Erth      0%         N/A       97%         4
 Sticky Flame             Conj/Fire      0%         2d3       97%         4
 Fireball                 Conj/Fire      0%         3d3       100%        5
 Freezing Cloud           Conj/Ice/Air   0%         6-21      100%        5
 Iskenderun's Battlesphe  Conj           0%         2d6       100%        5
 Metabolic Englaciation   Hex/Ice        0%         N/A       100%        5
 Conjure Ball Lightning   Conj/Air       0%         3x3d6     100%        6
 Dispersal                Tloc           0%         N/A       100%        6
 Haunt                    Necr/Summ      0%         N/A       100%        7
 Orb of Destruction       Conj           0%         9d5       100%        7
 Disjunction              Tloc           0%         N/A       100%        8
 Infestation              Necr           0%         N/A       100%        8
 Dragon's Call            Summ           0%         N/A       100%        9


Dungeon Overview and Level Annotations

Branches:
Dungeon (11/15)            Temple (1/1) D:6            Lair (5/5) D:10
 Shoals (2/4) Lair:2       Spider (0/4) Lair:3        Slime (0/5) Lair:4
    Orc: D:9-12

Altars:
Ashenzari
Cheibriados
Dithmenos
Elyvilon
Fedhas
Gozag
Hepliaklqana
Kikubaaqudgha
Makhleb
Nemelex Xobeh
Okawaru
Qazlal
Ru
Sif Muna
Trog
Uskayaw
Vehumet
Wu Jian
Xom
Yredelemnul
Zin
The Shining One
Lugonu

Shops:
D:4 *   D:11 (   Shoals:1 ?

Portals:
Abyss: Lair:5

Annotations:
D:9 3 runed translucent doors
Shoals:2 Polyphemus


Innate Abilities, Weirdness & Mutations

You are a hulking beast.
Your limbs bulge with bestial killing power. (Slay +7)
You are immune to poison.
Your life essence is reduced to manifest your ancestor. (-10% HP)
You cannot wear most types of armour.
You are amphibious.
You can wear up to eight rings at the same time.
Your skin changes colour to match your surroundings (Stealth+).
Your rubbery body absorbs attacks. (AC +1, EV +1)
((You are camouflaged when in or above water. (Stealth+)))
You have tentacles for arms and can constrict up to eight enemies at once.


Message History

Shunnar hits the catoblepas with a +0 dagger of draining!
Shunnar drains the catoblepas.
You have turned to stone.
You are engulfed in calcifying dust.
Shunnar hits the catoblepas with a +0 dagger of draining!
Shunnar drains the catoblepas.
Polyphemus hits you!!! Polyphemus hits you but does no damage.
Shunnar points at the merfolk siren and mumbles some strange words.
The catoblepas resists with almost no effort.
The merfolk siren chants its luring song.
You are engulfed in calcifying dust.
The merfolk siren stops moving altogether!
Polyphemus throws the catoblepas at you!
The catoblepas breathes a plume of calcifying dust at you.
The blast of calcifying dust hits you but does no damage.
The blast of calcifying dust hits the merfolk siren.
The merfolk siren stops singing.
You break out of your daze!
Polyphemus completely misses you. Polyphemus hits you but does no damage.
The catoblepas gores you!
* * * LOW HITPOINT WARNING * * *
The merfolk siren is engulfed in calcifying dust.
Shunnar hits the merfolk siren with a +0 dagger of draining!
The merfolk siren dies!
Shunnar hits Polyphemus but does no damage.
Polyphemus hits Shunnar!!!
Polyphemus hits Shunnar.
The catoblepas breathes a plume of calcifying dust at you.
The blast of calcifying dust hits you.
* * * LOW HITPOINT WARNING * * *
The blast of calcifying dust hits Shunnar.
You are engulfed in calcifying dust.
Polyphemus throws a large rock.
The large rock hits you!!
* * * LOW HITPOINT WARNING * * *
The catoblepas breathes a plume of calcifying dust at you.
The blast of calcifying dust hits you but does no damage.
Shunnar hits the catoblepas but does no damage.
You are engulfed in calcifying dust.
Shunnar hits the catoblepas with a +0 dagger of draining!
Shunnar drains the catoblepas!
Polyphemus throws a large rock.
The large rock hits you!!!
You die...

≈PP.... .. ≈P~P~..
.~~P. ≈~P....
#....
≈P~P...###...# .
≈~~~~~.....~~###..
≈≈P~~~.§...~≈~~.~.
≈≈≈≈~~.)##.~~~~~~.
≈≈≈≈≈~C§#..~~~~~..
≈≈≈≈≈~~hR~~~~~~~~~
≈≈≈≈≈~~Y)~≈≈≈~~~~~
≈≈≈≈≈≈≈≈≈≈≈)~~~~~~
≈≈≈≈≈≈≈≈≈≈)≈~~~...
≈≈≈≈≈≈≈≈≈≈≈≈~~~.#.
≈≈≈≈≈≈≈≈≈≈≈≈~~~...
≈≈≈≈≈≈≈≈≈≈≈≈~~~~~~
≈≈≈≈≈≈≈≈≈≈~~~~~~~~
≈~~~≈≈≈~~~~~~~~~


You could see the friendly Shunnar the hexer, Polyphemus (distracted) and a
catoblepas (distracted, drained, ally target).

Vanquished Creatures
  Gastronok (Lair:1)
  3 merfolk impalers (Shoals:1)
  2 hydras (Lair:5)
  A centaur warrior (D:11)
  2 boulder beetles (Lair:4)
  2 merfolk aquamancers
  A merfolk avatar (Shoals:1)
  10 death yaks
  2 thrashing horrors (Lair:5)
  Urug (Lair:1)
  The ghost of wormstring the Gouger, a journeyman FeCK of Xom (Lair:2)
  3 skysharks
  A sea snake (Shoals:1)
  2 ugly things (Lair:5)
  A cyclops (Shoals:1)
  The ghost of pigah the Changeling, a novice OpSh (D:6)
  8 elephants
  A merfolk siren (Shoals:1)
  A water nymph (Shoals:1)
  6 manticores (Shoals:1)
  2 black mambas (Lair:5)
  2 smoke demons (Lair:5)
  Maggie (Lair:1)
  16 cane toads
  3 rime drakes (Lair:3)
  A kobold demonologist (D:11)
  3 komodo dragons
  A queen bee (Lair:2)
  A troll (D:11)
  7 merfolk
  A meliai (Lair:2)
  A hornet (Lair:2)
  A polar bear (Lair:5)
  A raiju (Lair:5)
  10 dream sheep
  6 blink frogs (Lair:5)
  5 snapping turtles
  6 culicivoras (Lair:3)
  A shadow (D:10)
  6 water elementals
  2 ynoxinuls (Lair:5)
  Eustachio (D:4)
  38 yaks
  2 wyverns
  A human (shapeshifter) (Lair:5)
  2 steam dragons
  Grum (D:9)
  A chaos spawn (Lair:5)
  6 basilisks
  8 small abominations (Lair:5)
  2 vampire mosquitoes (D:10)
  2 large abominations (Lair:5)
  Duvessa (D:4)
  29 water moccasins
  4 orc warriors
  An ice beast (D:7)
  8 wolves
  9 centaurs
  3 phantoms
  3 kobold brigands (D:8)
  10 bullfrogs
  A gnoll sergeant (D:10)
  2 scorpions
  A hexer (Shoals:1)
  Dowan (D:4)
  24 killer bees
  6 electric eels
  A howler monkey (D:9)
  A jelly (Lair:4)
  5 quasits (D:6)
  4 hounds
  2 orc priests
  A gnoll bouda (D:9)
  An iron imp (D:8)
  2 iguanas
  7 orc wizards
  16 gnolls
  15 adders
  A shadow imp (D:8)
  3 white imps
  A worm (D:2)
  5 dart slugs
  35 orcs
  10 ball pythons
  7 endoplasms
  5 giant cockroaches
  6 goblins
  5 hobgoblins
  14 jackals
  16 kobolds
  2 quokkas (D:4)
  3 bats
  2 frilled lizards (D:1)
  5 rats
469 creatures vanquished.

Vanquished Creatures (collateral kills)
  A catoblepas (Lair:3)
  A death yak (Shoals:2)
  2 ugly things (Lair:5)
  2 manticores (Shoals:1)
  A merfolk siren (Shoals:2)
  A polar bear (Lair:3)
  2 merfolk
  2 dream sheep
  2 blink frogs (Lair:5)
  2 culicivoras (Lair:3)
  2 small abominations (Lair:5)
  3 yaks (Lair:3)
  A water elemental (Shoals:1)
  2 water moccasins
  A centaur (Lair:2)
  A bullfrog (Lair:1)
  3 killer bees (Lair:2)
  2 butterflies (Lair:5)
31 creatures vanquished.

Vanquished Creatures (others)
  A water moccasin (Lair:1)
  4 hexers
  4 ancestors
  An adder (Lair:1)
10 creatures vanquished.

Grand Total: 510 creatures vanquished

Notes
Turn   | Place    | Note
-------+----------+-------------------------------------------
     0 | D:1      | LeprechaunX the Octopode Shapeshifter began the quest for
                  | the Orb.
     0 | D:1      | Reached XP level 1. HP: 13/13 MP: 1/1
    95 | D:1      | Reached XP level 2. HP: 18/18 MP: 2/2
   473 | D:1      | Reached XP level 3. HP: 19/23 MP: 3/3
  1884 | D:3      | Noticed a scorpion
  1888 | D:3      | Killed a scorpion
  1889 | D:3      | Reached skill level 4 in Unarmed Combat
  1889 | D:3      | Reached XP level 4. HP: 23/29 MP: 4/4
  2198 | D:3      | Reached XP level 5. HP: 34/34 MP: 5/5
  2238 | D:3      | Noticed a phantom
  2255 | D:3      | Killed a phantom
  2436 | D:3      | Reached XP level 6. HP: 41/41 MP: 6/6
  2801 | D:4      | Noticed Eustachio
  2814 | D:4      | Killed Eustachio
  2815 | D:4      | Reached skill level 5 in Unarmed Combat
  2876 | D:4      | Noticed Dowan
  2881 | D:4      | Noticed Duvessa
  2895 | D:4      | Killed Duvessa
  2896 | D:4      | Reached XP level 7. HP: 14/46 MP: 7/7
  2916 | D:4      | Killed Dowan
  3425 | D:4      | Found Baekahyda's Lightly-Used Armoury.
  3888 | D:5      | Entered Level 5 of the Dungeon
  4155 | D:5      | Reached skill level 5 in Shapeshifting
  4331 | D:5      | Reached XP level 8. HP: 49/52 MP: 8/8
  4679 | D:6      | Reached skill level 6 in Unarmed Combat
  4771 | D:6      | Found a transporter.
  4774 | D:6      | Noticed pigah's ghost (novice OpSh)
  4793 | D:6      | Found an ornate altar of the Wu Jian Council.
  5033 | D:6      | Found a transporter.
  5040 | D:6      | Found a staircase to the Ecumenical Temple.
  5859 | D:7      | HP: 1/54 [poisoned by a killer bee]
  6141 | D:7      | Reached skill level 7 in Unarmed Combat
  6368 | D:8      | Reached XP level 9. HP: 27/59 MP: 9/9
  6633 | D:8      | Reached skill level 5 in Dodging
  6681 | D:8      | Reached skill level 5 in Fighting
  6688 | D:8      | Reached skill level 8 in Unarmed Combat
  6692 | D:8      | HP: 2/61 [yak (11)]
  6945 | D:8      | Found a shimmering blue altar of Sif Muna.
  7105 | D:8      | Found a snail-covered altar of Cheibriados.
  7264 | D:8      | Found a radiant altar of Vehumet.
  7358 | D:8      | Found an ancient bone altar of Kikubaaqudgha.
  7515 | D:9      | Reached XP level 10. HP: 64/66 MP: 10/10
  7535 | D:9      | Reached skill level 9 in Unarmed Combat
  7741 | D:9      | Noticed Grum
  7760 | D:9      | Killed Grum
  8086 | D:9      | Found a shimmering altar of Xom.
  8171 | D:9      | Found a blossoming altar of Fedhas.
  8519 | D:9      | Found a runed translucent gate.
  8519 | D:9      | Noticed a white ugly thing
  8520 | D:9      | Found a runed translucent gate.
  8520 | D:9      | Noticed a green ugly thing
  8520 | D:9      | Noticed a cyan ugly thing
  8521 | D:9      | Found a runed translucent gate.
  8521 | D:9      | Noticed a brown ugly thing
  8521 | D:9      | Noticed a white ugly thing
  8641 | D:9      | a floating eye changed into a mana viper
  8641 | D:9      | Noticed a mana viper (glowing shapeshifter)
  8643 | D:9      | a mana viper changed into a snapping turtle
  8648 | D:9      | a dream sheep changed into a lindwurm
  8648 | D:9      | Noticed a lindwurm (glowing shapeshifter)
  8652 | D:9      | a lindwurm changed into a faun
  8652 | D:9      | Noticed a faun (glowing shapeshifter)
  8653 | D:9      | a faun changed into an elephant
  8653 | D:9      | Noticed an elephant (glowing shapeshifter)
  8657 | D:9      | an elephant changed into a snapping turtle
  8670 | D:10     | Entered Level 10 of the Dungeon
  9141 | D:10     | Reached skill level 10 in Unarmed Combat
  9545 | D:10     | Found a staircase to the Lair.
  9795 | D:6      | Killed pigah's ghost
  9796 | D:6      | Reached XP level 11. HP: 70/74 MP: 11/11
  9983 | D:11     | Noticed a centaur warrior
  9999 | D:11     | Killed a centaur warrior
 10317 | D:11     | Found Wihunuph's Weapon Shoppe.
 10563 | Temple   | Entered the Ecumenical Temple
 10589 | Temple   | Became a worshipper of Hepliaklqana the Forgotten
 10778 | D:11     | Noticed a cyclops
 10812 | Lair:1   | Entered Level 1 of the Lair of Beasts
 10930 | Lair:1   | Noticed Urug
 10940 | Lair:1   | Killed Urug
 10941 | Lair:1   | Reached skill level 11 in Unarmed Combat
 11096 | Lair:1   | Noticed Maggie
 11110 | Lair:1   | Killed Maggie
 11301 | Lair:1   | Reached skill level 1 in Evocations
 11306 | Lair:1   | Reached skill level 1 in Invocations
 11418 | Lair:1   | Reached * piety under Hepliaklqana
 11591 | Lair:1   | Reached XP level 12. HP: 72/72 MP: 13/13
 11905 | Lair:1   | Reached skill level 10 in Shapeshifting
 12222 | Lair:1   | Noticed Gastronok
 12247 | Lair:1   | Killed Gastronok
 12737 | Lair:2   | Reached skill level 12 in Unarmed Combat
 12860 | Lair:2   | Found a staircase to the Shoals.
 12980 | Lair:2   | Found a transporter.
 12992 | Lair:2   | Reached ** piety under Hepliaklqana
 12993 | Lair:2   | Remembered your ancestor Shunnar as a hexer
 12999 | Lair:2   | Noticed wormstring's ghost (journeyman FeCK)
 13170 | Lair:2   | Found a transporter.
 13360 | Lair:2   | Killed wormstring's ghost
 13569 | Lair:2   | Identified a scroll of acquirement
 13570 | Lair:2   | Acquired the ring "Leuzulin" {rF+ rC+ Str+6 Int+4}
 13618 | Lair:3   | Noticed a death yak
 13622 | Lair:3   | Noticed a death yak
 13626 | Lair:3   | Killed a death yak
 13627 | Lair:3   | Noticed a death yak
 13633 | Lair:3   | Killed a death yak
 13634 | Lair:3   | Reached XP level 13. HP: 78/80 MP: 14/16
 13642 | Lair:3   | Reached skill level 13 in Unarmed Combat
 14224 | Lair:3   | Found a hole to the Spider Nest.
 14499 | Lair:3   | Reached *** piety under Hepliaklqana
 14678 | Lair:3   | Identified the +0 buckler "Gotu" {rElec}
 14972 | Lair:4   | Found a runed translucent door.
 14972 | Lair:4   | Found a staircase to the Slime Pits.
 14984 | Lair:4   | Reached skill level 5 in Invocations
 14984 | Lair:4   | Reached skill level 5 in Evocations
 15086 | Lair:4   | Reached skill level 14 in Unarmed Combat
 15392 | Lair:4   | Reached **** piety under Hepliaklqana
 15402 | Lair:4   | Reached skill level 1 in Shields
 15980 | Lair:5   | Entered Level 5 of the Lair of Beasts
 16226 | Lair:5   | Reached XP level 14. HP: 87/87 MP: 18/18
 16397 | Lair:5   | Reached skill level 15 in Unarmed Combat
 17364 | Lair:5   | Found a corrupted altar of Lugonu.
 17364 | Lair:5   | Found a one-way gate to the infinite horrors of the Abyss.
 17853 | Shoals:1 | Entered Level 1 of the Shoals
 17917 | Shoals:1 | Reached skill level 10 in Dodging
 18093 | Shoals:1 | Reached ***** piety under Hepliaklqana
 18142 | Shoals:1 | Reached skill level 16 in Unarmed Combat
 18252 | Shoals:1 | Reached skill level 10 in Fighting
 18753 | Shoals:1 | Reached XP level 15. HP: 73/92 MP: 20/20
 18886 | Shoals:1 | Found Diulajoh's Magic Scroll Shop.
 19207 | Shoals:2 | Noticed Polyphemus
 19227 | Shoals:2 | Hit by a large rock thrown by Polyphemus

Illustrated notes

Levels and vault maps discovered:
D:1:      beargit_arrival_diablo_church, layout_loops_ring
D:2:      layout_loops_ring, serial_bayou_pond_e, ebering_dispersal_statue_hall,
          skrybe_limestone_x, dk_noncrumbling_2, kennysheep_path_1
D:3:      layout_basic
D:4:      layout_basic, serial_rivers, chequers_serial_rivers_small_3,
          chequers_serial_rivers_room_b, chequers_serial_rivers_room_b,
          chequers_serial_rivers_small_b, minmay_shop_damaged,
          chequers_serial_rivers_micro_d, uniq_eustachio, uniq_duvessa
D:5:      layout_basic
D:6:      layout_basic, nicolae_wu_jian_wuxing_cycle,
          minmay_temple_entry_overgrown, gammafunk_ghost_stat_death
D:7:      layout_gridville, serial_bayou, serial_bayou_pond_d,
          serial_bayou_lake_a, serial_bayou_pond_d, serial_bayou_shore_a
D:8:      layout_loops_cross, mainiacjoe_overflow_alcove_4, slow_altar_1,
          lemuel_doored_altar, kennysheep_mini_moat
D:9:      layout_loops_ring, fedhas_altar_3,
          mainiacjoe_overflow_small_starburst,
          ploomutoo_gammafunk_ghost_potion_laboratory,
          minmay_misc_feat_more_columns, st_stairs_5, uniq_grum
D:10:     layout_irregular_city, lair_entry_dummy
D:11:     layout_loops_cross, serial_shops, shop
Temple:   minmay_freezing_vapour_temple
Lair:1:   lemuel_reptile_caves, layout_loops_ring, uniq_gastronok, uniq_urug,
          uniq_maggie
Lair:2:   layout_roguey, minmay_shoals_entry_centaurs, gammafunk_ghost_hive,
          st_stairs_6, columned_hall_lemuel, minivault_11,
          chequers_serial_rivers_micro_a
Lair:3:   layout_gridlike, hellmonk_spider_entry_life_and_decay,
          grunt_megastairs_3
Lair:4:   layout_regular_city, slime_entry_2
Lair:5:   hellmonk_lair_end_abyssal_woods, layout_cave_pods, patterned_corridor,
          lemuel_fruit_fields
Shoals:1: layout_shoals, serial_shops, nicolae_shop_stone
Shoals:2: layout_shoals, nicolae_shoals_kraken_intersection, uniq_ilsuiw,
          uniq_polyphemus

Skill      XL: |  1  2  3  4  5  6  7  8  9 10 11 12 13 14 |
---------------+-------------------------------------------+-----
Unarmed Combat | 4 5 7 8 10 11 12 14 16 | 16.5
Fighting       | 2 3 4 5 6 7 8 9 10 | 10.2
Dodging        | 3 4 5 6 7 8 9 10 | 10.2
Shapeshifting  | 4 5 6 7 8 9 10 11 12 | 12.4
Evocations     | 1 4 5 7 |  7.2
Invocations    | 1 4 5 7 |  7.2
Shields        | 2 4 |  4.5

Action                     |  1- 3 |  4- 6 |  7- 9 | 10-12 | 13-15 || total
---------------------------+-------+-------+-------+-------+-------++-------
  Melee: Unarmed           |    80 |    61 |   239 |   450 |   467 ||  1297
         Constrict         |    20 |    13 |    47 |    87 |    72 ||   239
         Tentacles         |    11 |    11 |    60 |   138 |   148 ||   368
         Punch             |     3 |     2 |    17 |    39 |    63 ||   124
  Throw: Dart              |       |       |       |     2 |       ||     2
 Invoke: Recall Ancestor   |       |       |       |     1 |       ||     1
         Ancestor Life: He |       |       |       |     1 |       ||     1
         Ancestor Identity |       |       |       |     1 |       ||     1
    Use: Scroll            |       |       |     5 |     4 |     7 ||    16
         Potion            |       |       |     1 |       |     1 ||     2
   Stab: Sleeping          |    10 |     4 |     8 |     6 |     1 ||    29
         Distracted        |       |       |       |     2 |    10 ||    12
         Confused          |       |       |       |     2 |     4 ||     6
         Paralysed         |       |       |       |       |     3 ||     3
 Armour: Skin              |     6 |     5 |    34 |    90 |    74 ||   209
  Dodge: Dodged            |    58 |    36 |   176 |   502 |   440 ||  1212
  Block: Buckler           |       |       |       |       |    28 ||    28
         Form:             |       |       |       |     1 |       ||     1
         Beast             |       |       |       |     1 |       ||     1

Table legend: (Time is in decaauts)
 A = Elapsed time spent in this place.
 B = Non-inter-level travel time spent in this place.
 C = Inter-level travel time spent in this place.
 D = Time resting spent in this place.
 E = Time spent auto-exploring this place.
 F = Levels seen in this place.
 G = Mean time per level.
                   A        B        C        D        E       F      G
               +--------+--------+--------+--------+--------+-----+--------+
         Total |  18997 |  17744 |   1253 |   2500 |  12316 |  19 |  999.8 |
       Dungeon |  10703 |   9761 |    942 |   1156 |   7101 |  11 |  973.0 |
        Temple |     31 |     31 |      0 |      0 |      0 |   1 |   31.0 |
          Lair |   6923 |   6631 |    292 |   1150 |   4329 |   5 | 1384.6 |
        Shoals |   1338 |   1321 |     17 |    194 |    886 |   2 |  669.0 |
               +--------+--------+--------+--------+--------+-----+--------+

Top non-repeatable levels by time:
  Lair:5: 1759 daAuts
  Lair:1: 1756 daAuts
     D:8: 1532 daAuts
Shoals:1: 1297 daAuts
  Lair:3: 1270 daAuts
     D:4: 1209 daAuts
     D:7: 1163 daAuts
  Lair:4: 1103 daAuts
    D:10: 1036 daAuts
  Lair:2: 1033 daAuts
     D:9: 944 daAuts
     D:3: 934 daAuts
     D:2: 879 daAuts
     D:6: 861 daAuts
     D:1: 851 daAuts
